cohdb
Replays
Latest Replays
All Replays
Popular Replays
Top Player Replays
Match Explorer
How It Works
Community
CoH3 Stats
Reddit
Sign in to upload your games and track your stats! →
Sign in with Steam
Match 45814781
Unlisted
Match 45814781
Overview
Messages
Build Orders
End
Vickers Machine Gun Team
Construct Section Command Post
Selects Air and Sea Battlegroup
Dingo Light Scout Car
Infantry Section
Royal Engineer Section
Construct Platoon Command Post
6-pounder Anti-tank Gun Team
Selects Commando Section Paradrop
Commando Section Paradrop
Selects Commando Support Section Paradrop
Commando Support Section Paradrop
CMP 15cwt Truck
Selects Supply Surplus
Selects UNKNOWN (223837)
Construct Company Command Post
Centaur IV Medium Tank
Infantry Training
Vickers Machine Gun Team
Selects Assault Flares
Armored Vehicle Training
Assault Flares
6-pounder Anti-tank Gun Team
Royal Engineer Section
Crusader II Medium Tank
Quietus
Vallhalla
-=GX=-
Bartolomaeus Bart
[PD] Ducktus
Nico-Nico-Nii~~
0
0
Comments
sign in to comment!
No comments posted yet!